 Dungeon Crawl Stone Soup version 0.30-a0-760-g5a9884bb7c (webtiles) character file.

Game seed: 5211133025678548468

7026 cheesebisquit the Geomancer (level 11, 0/64 HPs)
             Began as a Gargoyle Earth Elementalist on Feb 10, 2023.
             Was a Believer of Vehumet.
             Slain by a meliai
             ... wielding a +0 scimitar
              (3 damage)
             ... on level 9 of the Dungeon.
             The game lasted 00:42:54 (13828 turns).

cheesebisquit the Geomancer (GrEE)                 Turns: 13828, Time: 00:42:55

Health: 0/64       AC: 15    Str: 12    XL:     11   Next: 8%
Magic:  1/23       EV: 11    Int: 23    God:    Vehumet [**....]
Gold:   422        SH:  0    Dex: 10    Spells: 14/26 levels left

rFire   + + .      SeeInvis .    a - +4 dagger of Jocwepy {freeze, rF+ rC+ rN+ Stlth+}
rCold   + . .      Faith    .    (no shield)
rNeg    + + .      Spirit   .    K - +0 robe of the Midnight Sun {Int+3}
rPois   ∞          Reflect  .    (no helmet)
rElec   +          Harm     .    H - +1 cloak
rCorr   .          Rampage  .    m - +1 pair of gloves
Will    .....                    (no boots)
Stlth   +++                      (no amulet)
HPRegen 0.30/turn                e - ring of protection from fire
MPRegen 0.18/turn                (no ring)

@: no status effects
A: sickness immunity, AC +8, negative energy resistance 1, electricity
resistance, torment resistance 1, petrification resistance
a: Renounce Religion


You were on level 9 of the Dungeon.
You worshipped Vehumet.
Vehumet was pleased with you.
You visited 2 branches of the dungeon, and saw 10 of its levels.

You collected 422 gold pieces.

Inventory:

Hand Weapons
 a - the +4 dagger of Jocwepy (weapon) {freeze, rF+ rC+ rN+ Stlth+}
   (You found it on level 2 of the Dungeon)

   rF:        It protects you from fire.
   rC:        It protects you from cold.
   rN:        It protects you from negative energy.
   Stlth:     It makes you more stealthy.
 b - a +4 morningstar
 G - a +4 quarterstaff of chaos
 Q - the +4 sling "Xoutag" {antimagic, rC- Str+2 Dex+4}
   (You found it on level 9 of the Dungeon)

   Str:       It affects your strength (+2).
   Dex:       It affects your dexterity (+4).
   rC:        It makes you vulnerable to cold.
Missiles
 k - 2 atropa-tipped darts
 t - 21 poisoned darts
 C - 3 curare-tipped darts
 J - a throwing net
Armour
 f - a +0 leather armour
 h - +0 swamp dragon scales
 i - a scarf of repulsion
 m - a +1 pair of gloves (worn)
 E - the +1 chain mail of the Sunfish {Int+5}
   (You found it on level 6 of the Dungeon)

   Int:       It affects your intelligence (+5).
 H - a +1 cloak (worn)
 K - the +0 robe of the Midnight Sun (worn) {Int+3}
   (You found it on level 7 of the Dungeon)

   Int:       It affects your intelligence (+3).
Jewellery
 e - a ring of protection from fire (left hand)
 N - a ring of fire
Wands
 x - a wand of polymorph (11)
 B - a wand of charming (10)
 P - a wand of digging (6)
 R - a wand of light (5)
Scrolls
 c - a scroll of magic mapping {unknown}
 j - 4 scrolls of teleportation
 o - a scroll of vulnerability
 r - a scroll of brand weapon {unknown}
 v - a scroll of noise
 y - a scroll of poison {unknown}
 A - a scroll of blinking {unknown}
 F - a scroll of immolation {unknown}
 I - a scroll of torment
 O - 2 scrolls of enchant weapon
Potions
 d - a potion of cancellation {unknown}
 g - a potion of ambrosia
 l - 5 potions of haste
 n - 2 potions of heal wounds {unknown}
 p - a potion of magic
 q - 3 potions of curing
 s - 2 potions of lignification
 u - a potion of attraction {unknown}
 w - a potion of might {unknown}
 z - 3 potions of brilliance {unknown}
 D - a potion of resistance {unknown}
 L - a potion of mutation {unknown}
 M - 2 potions of flight


   Skills:
 + Level 6.0 Fighting
 - Level 5.8 Armour
 - Level 1.5 Dodging
 - Level 2.1 Stealth
 + Level 8.1 Spellcasting
 + Level 9.1 Conjurations
 - Level 0.7 Transmutations
 + Level 11.0 Earth Magic


You had 14 spell levels left.
You knew the following spells:

 Your Spells              Type           Power      Damage    Failure   Level
a - Sandblast             Erth           100%       2d20      1%          1
b - Stone Arrow           Conj/Erth      100%       3d13      1%          3
c - Iron Shot             Conj/Erth      27%        9d6       17%         6
d - Searing Ray           Conj           100%       2d8       1%          2

Your spell library contained the following spells:

 Spells                   Type           Power      Damage    Failure   Level
 Magic Dart               Conj           100%       1d8       1%          1
 Passwall                 Tmut/Erth      30%        N/A       1%          2
 Hailstorm                Conj/Ice       30%        3d8       3%          3
 Petrify                  Tmut/Erth      36%        N/A       6%          4
 Freeze                   Ice            36%        1d5       7%          1
 Leda's Liquefaction      Hex/Erth       17%        N/A       7%          4
 Lesser Beckoning         Tloc           18%        N/A       11%         2
 Call Canine Familiar     Summ           9%         N/A       21%         3
 Frozen Ramparts          Ice            18%        1d3       21%         3
 Gell's Gravitas          Tloc           9%         N/A       21%         3
 Portal Projectile        Hex/Tloc       18%        N/A       21%         3
 Teleport Other           Tloc           9%         N/A       21%         3
 Irradiate                Conj/Tmut      16%        3d17      26%         5


Dungeon Overview and Level Annotations

Branches:
Dungeon (9/15)             Temple (1/1) D:5
   Lair: D:8-11         Orc: D:9-12

Altars:
Ashenzari
Cheibriados
Dithmenos
Elyvilon
Fedhas
Gozag
Hepliaklqana
Kikubaaqudgha
Makhleb
Nemelex Xobeh
Ru
Sif Muna
Trog
Uskayaw
Vehumet
Wu Jian
Xom
Yredelemnul
Zin
The Shining One


Innate Abilities, Weirdness & Mutations

You are immune to sickness and miasma.
Your stone body is resilient. (AC +8)
You are immune to poison.
You resist negative energy. (rN+)
You are resistant to electric shocks. (rElec)
You are resistant to unholy torment.
You are immune to petrification.


Message History

The stone arrow hits the yak!!
You kill the yak!
Vehumet accepts your kill.
A meliai comes into view. It is wielding a +0 scimitar.
The yak gores you!
* * * LOW HITPOINT WARNING * * *
The meliai moves out of view.
Aiming: Stone Arrow (safe; 1% risk of failure)
Press: ? - help, Q - select action, (/) - cycle Shift-Dir - straight line, f - yak
Aim: a yak (87% to hit)
The stone arrow misses the yak.
The yak barely misses you.
Aiming: Stone Arrow (safe; 1% risk of failure)
Press: ? - help, Q - select action, (/) - cycle Shift-Dir - straight line, f/p - yak
Aim: a yak (87% to hit)
The stone arrow hits the yak!!
The yak is heavily wounded.
The meliai buzzes angrily.
You hear an angry buzzing noise. x2
The yak gores you but does no damage.
Aiming: Stone Arrow (safe; 1% risk of failure)
Press: ? - help, Q - select action, (/) - cycle Shift-Dir - straight line, f/p - yak
Aim: a yak (heavily wounded, 87% to hit)
The stone arrow hits the yak!!
You kill the yak!
Vehumet accepts your kill.
The meliai mumbles some strange prayers to its god against you.
Something smites you!
* * * LOW HITPOINT WARNING * * *
Your Fighting skill increases to level 6!
Your Earth Magic skill increases to level 11!
Okay, then.
You feel better. The meliai hits you but does no damage.
The meliai closely misses you.
Okay, then.
You don't have enough magic to cast this spell.
You feel better. The meliai hits you with a +0 scimitar!
* * * LOW HITPOINT WARNING * * *
The meliai misses you. The meliai hits you with a +0 scimitar.
You die...

##...##...#....#.....#
##...................##
#...^............#...#
#..........>.......###
#................###
##..?..........###
##...##.....### ####
#††.### #@### #.y.#
##....# .#....# .#.##/.
.. . . .. # ...


You could see a meliai.

Vanquished Creatures
  A two-headed ogre (D:9)
  Pikel (D:7)
  Maggie (D:6)
  6 yaks (D:9)
  A wyvern (D:8)
  Menkaure (D:7)
  4 water moccasins
  An ice beast (D:8)
  A sky beast (D:7)
  An orc warrior (D:9)
  2 black bears
  2 centaurs
  4 phantoms
  A lemure (D:7)
  2 kobold brigands
  5 bullfrogs
  A gnoll sergeant (D:7)
  2 scorpions
  15 wights
  12 killer bees
  5 howler monkeys
  6 jellies
  Crazy Yiuf (D:6)
  A gnoll bouda (D:7)
  8 hounds
  3 orc priests
  Jessica (D:3)
  Ijyb (D:5)
  Terence (D:2)
  An iguana (D:4)
  7 orc wizards
  9 gnolls (D:7)
  5 adders
  A shadow imp (D:5)
  2 white imps
  3 worms
  4 dart slugs
  23 orcs
  13 ball pythons
  5 endoplasms
  5 giant cockroaches
  7 goblins
  8 hobgoblins
  5 quokkas
  4 bats
  4 frilled lizards
  16 kobolds
  6 rats
219 creatures vanquished.

Notes
Turn   | Place    | Note
-------+----------+-------------------------------------------
     0 | D:1      | cheesebisquit the Gargoyle Earth Elementalist began the
                  | quest for the Orb.
     0 | D:1      | Reached XP level 1. HP: 10/10 MP: 3/3
   120 | D:1      | You fall into a shaft and drop 1 floor!
   126 | D:2      | Reached skill level 4 in Earth Magic
   126 | D:2      | Reached XP level 2. HP: 15/15 MP: 3/5
   212 | D:2      | Identified the +4 dagger of Jocwepy {freeze, rF+ rC+ rN+
                  | Stlth+}
   215 | D:2      | Noticed Terence
   609 | D:1      | Reached XP level 3. HP: 18/19 MP: 3/6
   781 | D:1      | Got the Annotations on the Discharge
   786 | D:1      | Learned a level 3 spell: Stone Arrow
  1287 | D:2      | Reached skill level 1 in Conjurations
  1372 | D:2      | Reached XP level 4. HP: 24/24 MP: 5/8
  1741 | D:2      | Found a faded altar of an unknown god.
  1824 | D:2      | Killed Terence
  1977 | D:3      | Reached skill level 5 in Earth Magic
  1977 | D:3      | Reached XP level 5. HP: 28/28 MP: 6/9
  2019 | D:3      | Noticed Jessica
  2022 | D:3      | Killed Jessica
  2038 | D:2      | Reached XP level 6. HP: 23/32 MP: 9/11
  2150 | D:3      | Found an ancient bone altar of Kikubaaqudgha.
  3112 | D:4      | Learned a level 6 spell: Iron Shot
  3251 | D:4      | Reached skill level 6 in Earth Magic
  3371 | D:4      | Noticed a black bear
  3832 | D:4      | Reached XP level 7. HP: 36/36 MP: 8/13
  4899 | D:5      | Entered Level 5 of the Dungeon
  5561 | D:5      | Reached skill level 7 in Earth Magic
  5621 | D:5      | Reached skill level 5 in Spellcasting
  5623 | D:5      | Reached skill level 5 in Conjurations
  5623 | D:5      | Reached XP level 8. HP: 15/41 MP: 9/15
  5766 | D:5      | Noticed Ijyb
  5777 | D:5      | Killed Ijyb
  6223 | D:5      | Found a staircase to the Ecumenical Temple.
  6232 | Temple   | Entered the Ecumenical Temple
  6251 | Temple   | Became a worshipper of Vehumet
  7159 | D:5      | Found a staircase to the Ecumenical Temple.
  7617 | D:6      | Reached skill level 8 in Earth Magic
  7781 | D:6      | Identified the +1 chain mail of the Sunfish {Int+5}
  7859 | D:6      | Noticed Maggie
  7913 | D:6      | Killed Maggie
  7914 | D:6      | Reached XP level 9. HP: 33/45 MP: 1/18
  8220 | D:6      | Found a runed translucent door.
  8221 | D:6      | Noticed Crazy Yiuf
  8736 | D:6      | Killed Crazy Yiuf
  9524 | D:7      | Found a bloodstained altar of Trog.
  9596 | D:7      | Reached skill level 1 in Fighting
  9804 | D:7      | Reached skill level 9 in Earth Magic
  9892 | D:7      | Reached * piety under Vehumet
  9892 | D:7      | Offered knowledge of Shock by Vehumet.
  9959 | D:7      | Reached skill level 5 in Armour
 10094 | D:7      | Found a blossoming altar of Fedhas.
 10449 | D:7      | Reached XP level 10. HP: 55/55 MP: 16/20
 10479 | D:7      | Identified the +0 robe of the Midnight Sun {Int+3}
 10642 | D:7      | Noticed Menkaure
 10643 | D:7      | Found a shadowy altar of Dithmenos.
 10951 | D:7      | Found a shadowy altar of Dithmenos.
 10981 | D:7      | Found a blossoming altar of Fedhas.
 11127 | D:7      | Found a bloodstained altar of Trog.
 11210 | D:7      | Found an ornate altar of the Wu Jian Council.
 11212 | D:7      | Found a sacrificial altar of Ru.
 11596 | D:7      | Found a glowing golden altar of the Shining One.
 11599 | D:7      | Killed Menkaure
 11853 | D:8      | Noticed Pikel
 11899 | D:7      | Killed Pikel
 12175 | D:8      | Found an opulent altar of Gozag.
 12241 | D:8      | Reached skill level 10 in Earth Magic
 12616 | D:8      | Reached ** piety under Vehumet
 12616 | D:8      | Offered knowledge of Searing Ray by Vehumet.
 12620 | D:8      | Learned a level 2 spell: Searing Ray
 12756 | D:8      | Found a shimmering blue altar of Sif Muna.
 13067 | D:9      | Noticed a two-headed ogre
 13251 | D:9      | Identified the +4 sling "Xoutag" {antimagic, rC- Str+2
                  | Dex+4}
 13398 | D:9      | Killed a two-headed ogre
 13399 | D:9      | Reached skill level 5 in Fighting
 13817 | D:9      | Reached XP level 11. HP: 42/64 MP: 3/23
 13826 | D:9      | HP: 1/64 [meliai/divine providence (16)]
 13827 | D:9      | Reached skill level 11 in Earth Magic
 13828 | D:9      | Slain by a meliai

Illustrated notes

Levels and vault maps discovered:
D:1:      elethiomel_arrival_shortcut, layout_loops_ring
D:2:      layout_rooms, shapermc_ecumenical_altar_mp_vishouse, corner_web_ring,
          uniq_terence
D:3:      layout_basic, mainiacjoe_overflow_cross_hatched, minmay_misc_feat_iff,
          uniq_jessica
D:4:      layout_basic
D:5:      layout_layer_cave, lemuel_temple_firewalk_b, uniq_ijyb
D:6:      layout_loops_ring, uniq_maggie, uniq_crazy_yiuf_cottage
D:7:      layout_loops_ring, mainiacjoe_overflow_small_starburst,
          nicolae_overflow_hidden_temple, lemuel_crystal_altar, uniq_menkaure
D:8:      layout_basic, grunt_gozag_breadcrumbs, lemuel_coloured_pillars_altar,
          uniq_pikel
D:9:      minmay_the_grid_four_pointed_star_mashed
          [minmay_the_grid_triangle_9x9_empty,
          minmay_the_grid_triangle_9x9_checkered,
          minmay_the_grid_triangle_9x9_limited_checkers,
          minmay_the_grid_triangle_9x9_windchime,
          minmay_the_grid_prize_big_room], layout_rooms,
          okawaru_altar_gauntlet_db, old_standard_altar
Temple:   minmay_freezing_vapour_temple

Skill      XL: |  1  2  3  4  5  6  7  8  9 10 11 |
---------------+----------------------------------+-----
Earth Magic    | 4 5 6 7 8 9 10 11 | 11.0
Conjurations   | 1 2 3 5 6 7 8 9 |  9.1
Spellcasting   | 3 4 5 6 8 |  8.1
Armour         | 2 5 |  5.8
Fighting       | 2 5 6 |  6.0
Dodging        | |  1.5
Stealth        | |  2.1
Transmutations | |  0.7

Action                     |  1- 3 |  4- 6 |  7- 9 | 10-12 || total
---------------------------+-------+-------+-------+-------++-------
  Melee: Unarmed           |     3 |       |       |    23 ||    26
         Dagger            |       |       |     2 |       ||     2
  Throw: Dart              |       |       |       |     2 ||     2
         Throwing net      |       |       |       |     1 ||     1
   Cast: Sandblast         |    53 |    74 |   114 |    22 ||   263
         Stone Arrow       |       |       |    46 |    74 ||   120
    Use: Potion            |       |     1 |       |     7 ||     8
         Scroll            |       |     5 |     5 |     5 ||    15
 Armour: Robe              |     1 |     9 |    16 |    43 ||    69
         Chain mail        |       |       |    14 |       ||    14
         Swamp dragon scal |       |       |    10 |       ||    10
         Skin              |       |       |       |    69 ||    69
  Dodge: Dodged            |     3 |    20 |    45 |    53 ||   121
         Repelled          |       |     1 |     2 |       ||     3

Table legend: (Time is in decaauts)
 A = Elapsed time spent in this place.
 B = Non-inter-level travel time spent in this place.
 C = Inter-level travel time spent in this place.
 D = Time resting spent in this place.
 E = Time spent auto-exploring this place.
 F = Levels seen in this place.
 G = Mean time per level.
                   A        B        C        D        E       F      G
               +--------+--------+--------+--------+--------+-----+--------+
         Total |  13927 |  13221 |    706 |   1728 |   9807 |  10 | 1392.7 |
       Dungeon |  13902 |  13200 |    702 |   1728 |   9797 |   9 | 1544.7 |
        Temple |     24 |     20 |      4 |      0 |     10 |   1 |   24.0 |
               +--------+--------+--------+--------+--------+-----+--------+

Top non-repeatable levels by time:
     D:5: 2635 daAuts
     D:7: 2369 daAuts
     D:6: 1967 daAuts
     D:4: 1844 daAuts
     D:8: 1336 daAuts
     D:3: 1137 daAuts
     D:1: 1092 daAuts
     D:2: 959 daAuts
     D:9: 559 daAuts
  Temple: 24 daAuts
